 Dungeon Crawl Stone Soup version 0.28-b1-38-gff268fdeb9 (webtiles) character file.

Game seed: 7221057623957864956

22036 MacCMillion the Convoker (level 12, -4/44 HPs)
             Began as a Felid Summoner on Feb 3, 2022.
             Was an Initiate of Gozag.
             Slain by a vampire mosquito (7 damage)
             ... on level 14 of the Dungeon.
             The game lasted 01:31:05 (24460 turns).

MacCMillion the Convoker (Felid Summoner)          Turns: 24460, Time: 01:31:05

Health: -4/44      AC:  7    Str:  4    XL:     12   Next: 59%
Magic:  27/27      EV: 33    Int: 20    God:    Gozag
Gold:   429        SH:  0    Dex: 18    Spells: 5/18 levels left
                                        Lives:  0   Deaths: 3

rFire   . . .      SeeInvis +   (weapon unavailable)
rCold   + . .      Faith    .   (shield unavailable)
rNeg    . . .      Spirit   .   (armour unavailable)
rPois   .          Reflect  .   (helmet unavailable)
rElec   .          Harm     .   (cloak unavailable)
rCorr   .          Rampage  .   (gloves unavailable)
Will    +....                   (boots unavailable)
Stlth   ++........              u - amulet of the acrobat
HPRegen 0.14/turn               c - +4 ring of protection
MPRegen 0.20/turn               j - ring of magical power

@: acrobatic, quick
A: very small, claws 1, fangs 3, see invisible, speed 1, shaggy fur 3, stealthy
paws, no weapons or thrown items, no armour, multi-lived
a: Renounce Religion, Potion Petition, Call Merchant, Bribe Branch


You were on level 14 of the Dungeon.
You worshipped Gozag.
Gozag was aware of your devotion.
You visited 3 branches of the dungeon, and saw 19 of its levels.

You collected 2970 gold pieces.
You paid 2541 gold pieces to Gozag.

Inventory:

Jewellery
 c - a +4 ring of protection (left paw)
 j - a ring of magical power (right paw)
 u - an amulet of the acrobat (around neck)
 x - an amulet of reflection
 F - the ring "Fagrev" {Fly Str+6}
   (You found it on level 1 of the Lair of Beasts)

   [ring of strength]

   Str:       It affects your strength (+6).
   Fly:       It grants you flight.
 K - a +4 ring of protection
 P - a ring of poison resistance
Wands
 t - a wand of flame (31)
 w - a wand of acid (10)
 C - a wand of polymorph (10)
 I - a wand of paralysis (4)
 J - a wand of iceblast (5)
 M - a wand of mindburst (8)
Scrolls
 a - 3 scrolls of enchant armour
 e - a scroll of brand weapon {unknown}
 f - 2 scrolls of blinking
 g - 2 scrolls of immolation
 h - 4 scrolls of teleportation
 q - 4 scrolls of vulnerability
 s - 2 scrolls of magic mapping
 v - 3 scrolls of silence
 y - a scroll of summoning
 A - 2 scrolls of enchant weapon
 B - 3 scrolls of fog
 D - a scroll of holy word
 E - 2 scrolls of amnesia
 L - 5 scrolls of identify
 O - a scroll of torment {unknown}
Potions
 b - 2 potions of lignification
 d - 2 potions of might {unknown}
 i - a potion of ambrosia
 k - 4 potions of magic
 l - a potion of berserk rage {unknown}
 m - 4 potions of curing
 n - 4 potions of brilliance
 o - 7 potions of heal wounds
 p - a potion of haste {unknown}
 r - 2 potions of flight
 z - 6 potions of mutation
 G - 2 potions of attraction {unknown}
 H - a potion of degeneration {unknown}
 N - a potion of invisibility {unknown}


   Skills:
 + Level 0.0 Fighting
 + Level 3.0 Dodging
 - Level 3.0 Stealth
 - Level 3.6 Spellcasting
 - Level 5.0 Hexes
 - Level 20.6 Summonings
 - Level 10.0 Air Magic


You had 5 spell levels left.
You knew the following spells:

 Your Spells              Type           Power      Damage    Failure   Level
a - Summon Small Mammal   Summ           100%       N/A       0%          1
b - Call Canine Familiar  Summ           72%        N/A       0%          3
c - Call Imp              Summ           72%        N/A       0%          2
d - Summon Guardian Gole  Hex/Summ       53%        N/A       1%          3
e - Summon Lightning Spi  Summ/Air       59%        N/A       1%          4

Your spell library contained the following spells:

 Spells                   Type           Power      Damage    Failure   Level
 Corpse Rot               Necr/Air       46%        N/A       2%          2
 Poisonous Vapours        Pois/Air       46%        N/A       2%          2
 Ensorcelled Hibernation  Hex/Ice        26%        N/A       8%          2
 Mephitic Cloud           Conj/Pois/Air  16%        N/A       11%         3
 Apportation              Tloc           6%         N/A       14%         1
 Beastly Appendage        Tmut           6%         N/A       14%         1
 Magic Dart               Conj           12%        1d3       14%         1
 Sting                    Tmut/Pois      12%        1d3       14%         1
 Dazzling Flash           Conj/Hex       26%        N/A       14%         3
 Silence                  Hex/Air        16%        N/A       17%         5
 Wereblood                Tmut           3%         N/A       21%         2
 Spider Form              Tmut/Pois      3%         N/A       38%         3
 Anguish                  Hex/Necr       6%         N/A       43%         4
 Leda's Liquefaction      Hex/Erth       6%         N/A       43%         4
 Olgreb's Toxic Radiance  Pois           3%         N/A       80%         4
 Agony                    Necr           3%         N/A       98%         5
 Alistair's Intoxication  Tmut/Pois      2%         N/A       98%         5
 Spellforged Servitor     Conj/Summ      22%        N/A       86%         7
 Eringya's Noxious Bog    Tmut/Pois      1%         N/A       100%        6
 Orb of Destruction       Conj           1%         9d5       100%        7
 Ozocubu's Refrigeration  Ice            1%         4d5       100%        7
 Ignition                 Fire           1%         3d3       100%        8
 Portal Projectile        Hex/Tloc       Unusable   N/A       N/A         3

Dungeon Overview and Level Annotations

Branches:
Dungeon (14/15)            Temple (1/1) D:7            Lair (6/6) D:9
  Swamp (0/4) Lair:4        Snake (0/4) Lair:3        Slime (0/5) Lair:6
    Orc: D:9-12      Vaults: D:13-14

Altars:
Ashenzari
Cheibriados
Dithmenos
Elyvilon
Fedhas
Gozag
Hepliaklqana
Kikubaaqudgha
Makhleb
Nemelex Xobeh
Okawaru
Qazlal
Ru
Sif Muna
Trog
Uskayaw
Vehumet
Wu Jian
Xom
Yredelemnul
Zin
The Shining One

Shops:
Lair:6 :==

Annotations:
D:5 2 transporters, exclusion: kobold demonologist, Tinylith's ghost, novice MiBe
D:6 2 transporters, Blork the orc; Dowan; elguitar's ghost, novice DrTm
D:7 1 runed translucent door, Crazy Yiuf
D:9 2 transporters
Lair:1 Gastronok


Innate Abilities, Weirdness & Mutations

You have sharp claws.
You have razor-sharp teeth.
You have supernaturally acute eyesight. (SInv)
You cover ground quickly. (Speed+)
Your thick and shaggy fur keeps you warm. (AC +3, rC+)
Your paws help you pounce on unaware monsters.
You are incapable of wielding weapons or throwing items.
You cannot wear armour.
You gain extra lives every three experience levels.


Message History

Found 20 bolts.
m - 4 potions of curing (gained 1)
Found a stone staircase leading down.
You now have 429 gold pieces (gained 10).
L - 4 scrolls of identify (gained 1)
L - 5 scrolls of identify (gained 1)
w - a wand of acid (10) (gained 2 charges)
A sourceless malevolence fills the Dungeon...
You fall into a shaft and drop 3 floors!
The shaft crumbles and collapses.
Okay, then.
Found 17 stones.
Found 15 gold pieces.
Found a stone staircase leading down.
Found 10 gold pieces.
Found an escape hatch in the floor.
Found 19 gold pieces.
Found a book of Changes.
There is a stone staircase leading down here.
A vampire mosquito comes into view.
Found a battleaxe.
You pick up a book of Changes and begin reading...
You add the spells Beastly Appendage and Wereblood to your library.
Found a stone staircase leading down.
A centaur warrior comes into view.
The centaur warrior shouts!
The centaur warrior wields a +0 shortbow.
The centaur warrior shoots an arrow.
The arrow hits you!!
The centaur warrior shoots an arrow.
The arrow hits you.
There is a stone staircase leading down, spattered with blood here.
The centaur warrior shoots an arrow.
The arrow hits you!
* * * LOW HITPOINT WARNING * * *
You climb downwards.
The seven-headed hydra roars!
You hear a shout!
Found five items.
There is a stone staircase leading up here.
A tengu warrior comes into view.
It is wielding a +1 great sword of holy wrath.
The vampire mosquito bites you!
You die...
Your body crumbles into a pile of gold.

............#.#
..............#
.!.....<...##.#.
#..........#....
##.....#........
.#...#.#........
.....###........
#.....##y.......
#......@Q.......
.........(......
................
#......#........
#..##.######....
## ## .... #..


You could see a tengu warrior and a vampire mosquito.

Vanquished Creatures
  2 centaurs
  A wolf (Lair:1)
  A giant cockroach (D:2)
  A kobold (D:5)
5 creatures vanquished.

Vanquished Creatures (collateral kills)
  A boulder beetle (Lair:6)
  4 hydras
  2 catoblepae (Lair:6)
  A merfolk avatar (Lair:6)
  A death yak (Lair:5)
  2 sea snakes (Lair:6)
  A harpy (Lair:6)
  9 elephants (Lair:6)
  2 centaur zombies
  3 torpor snails
  5 black mambas
  6 rime drakes
  14 cane toads
  6 komodo dragons
  A troll (D:9)
  A polar bear (Lair:6)
  2 hornets
  3 wind drakes (Lair:6)
  24 blink frogs
  Prince Ribbit (D:7)
  A snapping turtle (Lair:6)
  Sigmund (D:6)
  28 yaks
  4 wyverns
  Eustachio (D:6)
  Grum (Lair:1)
  3 steam dragons (Lair:6)
  3 basilisks
  A naga (Lair:3)
  An acid dragon (D:9)
  23 water moccasins
  2 sky beasts
  A hornet zombie (D:8)
  An ice beast (D:6)
  10 wolves
  2 centaurs
  2 phantoms (D:7)
  3 kobold brigands
  13 bullfrogs
  A wyvern zombie (D:5)
  A wyvern skeleton (D:6)
  A water moccasin skeleton (D:7)
  A wight (D:6)
  2 hounds
  4 jellies
  2 orc priests (D:8)
  3 centaur skeletons
  A bullfrog skeleton (D:5)
  4 orc wizards
  4 iguanas
  A hound zombie (D:5)
  2 hound skeletons
  18 gnolls
  A howler monkey skeleton (D:6)
  7 adders
  2 shadow imps
  2 white imps (D:8)
  An ufetubus (D:6)
  2 adder skeletons
  2 worms
  19 orcs
  7 bats
  10 endoplasms
  5 giant cockroaches
  6 goblins
  6 hobgoblins
  6 jackals
  3 quokkas
  8 ball pythons
  5 frilled lizards
  22 kobolds
  2 rats
351 creatures vanquished.

Vanquished Creatures (others)
  A cane toad (Lair:2)
  A blink frog (Lair:6)
  A yak (Lair:6)
  An orc warrior (D:8)
  8 ogres
  3 wights (D:6)
  A jelly (D:6)
  A hound (D:6)
  A gnoll shaman (D:4)
  7 gnolls
  An orc (D:6)
  A goblin (D:4)
  44 fungi
  67 plants
138 creatures vanquished.

Grand Total: 494 creatures vanquished

Notes
Turn   | Place    | Note
-------+----------+-------------------------------------------
     0 | D:1      | MacCMillion the Felid Summoner began the quest for the Orb.
     0 | D:1      | Reached XP level 1. HP: 7/7 MP: 4/4
   419 | D:1      | Reached XP level 2. HP: 11/11 MP: 3/6
   422 | D:1      | Learned a level 2 spell: Call Imp
  1431 | D:1      | Reached XP level 3. HP: 14/14 MP: 4/7
  2362 | D:2      | Reached XP level 4. HP: 18/18 MP: 4/9
  2919 | D:3      | Learned a level 3 spell: Call Canine Familiar
  2923 | D:3      | Learned a level 3 spell: Summon Guardian Golem
  2925 | D:3      | Noticed an ogre
  2935 | D:3      | Killed an ogre
  2936 | D:3      | Reached skill level 5 in Summonings
  2936 | D:3      | Reached XP level 5. HP: 21/21 MP: 7/11
  3338 | D:3      | Found a faded altar of an unknown god.
  3951 | D:4      | Noticed an ogre
  3952 | D:4      | Noticed an ogre
  3960 | D:4      | Killed an ogre
  3960 | D:4      | Killed an ogre
  3961 | D:4      | Reached skill level 6 in Summonings
  3961 | D:4      | Gained mutation: You are covered in thick fur. (AC +2)
                  | [Felid growth]
  3961 | D:4      | Reached XP level 6. HP: 24/24 MP: 12/12
  4268 | D:4      | Reached skill level 5 in Hexes
  4693 | D:4      | Reached XP level 7. HP: 27/27 MP: 13/13
  4771 | D:4      | Reached skill level 7 in Summonings
  5287 | D:5      | Entered Level 5 of the Dungeon
  5416 | D:5      | Found a transporter.
  5424 | D:5      | Learned a level 4 spell: Summon Lightning Spire
  5424 | D:5      | Noticed Tinylith's ghost (novice MiBe)
  5450 | D:5      | Reached skill level 1 in Air Magic
  5480 | D:5      | Found a transporter.
  5605 | D:5      | Found a radiant altar of Vehumet.
  5794 | D:5      | Noticed a kobold demonologist
  6083 | D:5      | Reached skill level 8 in Summonings
  6083 | D:5      | Reached XP level 8. HP: 28/31 MP: 14/14
  6823 | D:6      | Found a transporter.
  6825 | D:6      | Found a transporter.
  6826 | D:6      | Noticed elguitar's ghost (novice DrTm)
  6994 | D:6      | Noticed a hornet
  7379 | D:6      | Reached skill level 9 in Summonings
  7390 | D:6      | Noticed Sigmund
  7402 | D:6      | Killed Sigmund
  7403 | D:6      | Reached skill level 5 in Air Magic
  7585 | D:6      | Noticed Blork the orc
  7585 | D:6      | Noticed Eustachio
  7685 | D:6      | Reached XP level 9. HP: 22/34 MP: 14/15
  8133 | D:6      | Killed Eustachio
  8146 | D:6      | Noticed Dowan
  8281 | D:7      | Reached skill level 10 in Summonings
  8701 | D:7      | Found a staircase to the Ecumenical Temple.
  8740 | Temple   | Entered the Ecumenical Temple
  8976 | Temple   | Became a worshipper of Gozag Ym Sagoz the Greedy
  9493 | D:7      | Noticed Prince Ribbit
  9506 | D:7      | Killed Prince Ribbit
  9623 | D:7      | Found a runed translucent door.
  9624 | D:7      | Noticed Crazy Yiuf
 10773 | D:8      | Reached skill level 11 in Summonings
 11796 | D:9      | Reached XP level 10. HP: 37/37 MP: 16/16
 12215 | D:9      | Found a transporter.
 12226 | D:9      | Noticed a deep elf knight
 12231 | D:9      | Found a transporter.
 12266 | D:9      | Noticed a fire crab
 12539 | D:9      | Found a staircase to the Lair.
 12630 | Lair:1   | Entered Level 1 of the Lair of Beasts
 12635 | Lair:1   | Noticed an eight-headed hydra
 12667 | Lair:1   | Noticed a cane toad
 12699 | Lair:1   | Mangled by an eight-headed hydra
 12700 | Lair:1   | Reached XP level 9. HP: -8/34 MP: 2/24
 12700 | Lair:1   | Noticed a cane toad
 12723 | Lair:1   | Killed a cane toad
 12724 | Lair:1   | Reached skill level 12 in Summonings
 12725 | Lair:1   | Killed a cane toad
 12933 | Lair:1   | Identified the ring "Fagrev" {Fly Str+6}
 12940 | Lair:1   | Noticed a cane toad
 12956 | Lair:1   | Killed a cane toad
 12957 | Lair:1   | Reached XP level 10. HP: 37/37 MP: 15/16
 13010 | Lair:1   | Noticed Grum
 13025 | Lair:1   | Killed Grum
 13129 | Lair:1   | Noticed a cane toad
 13144 | Lair:1   | Killed a cane toad
 13324 | Lair:1   | Killed an eight-headed hydra
 13412 | Lair:1   | Noticed Gastronok
 14041 | Lair:1   | Noticed a cane toad
 14052 | Lair:1   | Killed a cane toad
 14053 | Lair:1   | Reached skill level 13 in Summonings
 14053 | Lair:1   | Reached skill level 10 in Air Magic
 14105 | Lair:1   | Noticed a black mamba
 14108 | Lair:1   | Killed a black mamba
 14700 | Lair:2   | Got the Papyrus of Fascination and Venom
 14711 | Lair:2   | Noticed a cane toad
 14729 | Lair:2   | Killed a cane toad
 14914 | Lair:2   | Reached XP level 11. HP: 40/40 MP: 17/17
 15127 | Lair:2   | Reached skill level 14 in Summonings
 15173 | Lair:2   | Found the +8 whip "Snakebite" {venom, curare, rPois}
 15820 | Lair:2   | Reached skill level 15 in Summonings
 16238 | Lair:3   | Noticed an eight-headed hydra
 16242 | Lair:3   | Found a staircase to the Snake Pit.
 16449 | Lair:3   | You fall into a shaft and drop 3 floors!
 16449 | Lair:6   | Entered Level 6 of the Lair of Beasts
 16855 | Lair:4   | Reached skill level 16 in Summonings
 17040 | Lair:4   | Found a staircase to the Swamp.
 17812 | Lair:5   | Noticed a death yak
 17826 | Lair:5   | Gained mutation: Your thick and shaggy fur keeps you warm.
                  | (AC +3, rC+) [Felid growth]
 17826 | Lair:5   | Reached XP level 12. HP: 44/44 MP: 18/18
 17842 | Lair:5   | Killed a death yak
 17951 | Lair:5   | Reached skill level 17 in Summonings
 18160 | Lair:5   | Noticed a five-headed hydra
 18172 | Lair:5   | Killed a five-headed hydra
 18628 | Lair:5   | Noticed an eight-headed hydra
 18659 | Lair:5   | Killed an eight-headed hydra
 19158 | Lair:6   | Reached skill level 18 in Summonings
 19175 | Lair:6   | Noticed a four-headed hydra
 19433 | Lair:6   | Slain by a blink frog
 19434 | Lair:6   | Reached XP level 11. HP: -1/40 MP: 20/26
 19434 | Lair:6   | Noticed a boulder beetle
 19468 | Lair:6   | Mangled by a blink frog
 19469 | Lair:6   | Reached XP level 10. HP: -7/37 MP: 23/25
 19501 | Lair:6   | Noticed an elephant
 19511 | Lair:6   | Killed an elephant
 19513 | Lair:6   | Noticed an elephant
 19523 | Lair:6   | Killed an elephant
 19529 | Lair:6   | Killed an elephant
 19546 | Lair:6   | Killed an elephant
 19547 | Lair:6   | Reached XP level 11. HP: 35/40 MP: 0/17
 19922 | Lair:6   | Noticed a catoblepas
 19936 | Lair:6   | Killed a catoblepas
 20038 | Lair:6   | Killed a four-headed hydra
 20039 | Lair:6   | Reached skill level 19 in Summonings
 20860 | Lair:6   | Noticed a sea snake
 21497 | Lair:6   | Reached XP level 12. HP: 28/44 MP: 16/18
 22326 | Lair:6   | Reached skill level 20 in Summonings
 22537 | Lair:6   | Killed a boulder beetle
 22619 | Lair:6   | Noticed a merfolk avatar
 22635 | Lair:6   | Killed a merfolk avatar
 23160 | Lair:6   | Found the +8 trident of the Octopus King {venom, rElec
                  | rPois}
 23542 | Lair:6   | Found a staircase to the Slime Pits.
 23655 | Lair:6   | Noticed a catoblepas
 23683 | Lair:6   | Killed a catoblepas
 24328 | D:10     | Entered Level 10 of the Dungeon
 24411 | D:10     | You fall into a shaft and drop 3 floors!
 24450 | D:13     | Noticed a centaur warrior
 24453 | D:13     | HP: 2/44 [centaur warrior/arrow (17)]
 24454 | D:14     | Noticed a seven-headed hydra
 24456 | D:14     | Noticed a tengu warrior
 24460 | D:14     | Slain by a vampire mosquito

Illustrated notes

Levels and vault maps discovered:
D:1:      denvon_arrival_planthouse, layout_loops_ring
D:2:      layout_loops_cross
D:3:      layout_rooms, shapermc_ecumenical_altar_ellora
D:4:      minmay_wonky_spiral, layout_rooms
D:5:      layout_basic, vehumet_altar_wand_db, gammafunk_ghost_arena,
          minmay_misc_feat_doors
D:6:      layout_basic, gammafunk_ghost_hive, uniq_duvessa, uniq_blork_the_orc,
          uniq_sigmund, uniq_eustachio
D:7:      layout_loops_ring, minmay_temple_entry_wispy, hangedman_decor_growths,
          uniq_crazy_yiuf_cottage, uniq_prince_ribbit1
D:8:      layout_loops_ring
D:9:      gammafunk_wand_slinger, layout_basic, lair_entry_dummy
D:10:     layout_basic, orc_david_3
D:13:     nrook_guardian_serpent_snake_passage, layout_small_grid,
          david_vaults_5, serial_shops, nicolae_shop_statue_plus
D:14:     cheibrodos_orc_bank, layout_cave_pools, trog_three_pillars_becter
Temple:   mainiacjoe_temple_starburst
Lair:1:   layout_roguey, uniq_grum, uniq_gastronok
Lair:2:   minmay_guarded_unrand_snakebite, layout_regular_city,
          infiniplex_staircase_pool_2, lemuel_fruit_fields
Lair:3:   layout_misc_corridors, guppyfry_snake_entry_island
Lair:4:   layout_regular_city, minmay_swamp_entry_reptiles, serial_bayou_shore_a
Lair:5:   layout_hall_layers
Lair:6:   gammafunk_lair_ancient_temple, layout_cellular_growth,
          nicolae_slime_entry_slimehenge, grunt_megastairs_5

Skill      XL: |  1  2  3  4  5  6  7  8  9 10 11 12 |
---------------+-------------------------------------+-----
Stealth        | 3 |  3.0
Dodging        | 3 |  3.0
Spellcasting   | 3 |  3.6
Hexes          | 2 4 5 |  5.0
Summonings     | 5 6 8 9 12 13 19 20 | 20.6
Air Magic      | 2 5 9 10 | 10.0

Action                   |  1- 3 |  4- 6 |  7- 9 | 10-12 || total
-------------------------+-------+-------+-------+-------++-------
Melee: Unarmed           |     4 |     3 |    26 |    14 ||    47
       Bite              |       |       |     5 |     2 ||     7
 Cast: Summon Small Mamm |    62 |    20 |    40 |     9 ||   131
       Call Imp          |    12 |    15 |    32 |    21 ||    80
       Summon Guardian G |       |     7 |    24 |     7 ||    38
       Call Canine Famil |       |    11 |    64 |   100 ||   175
       Summon Lightning  |       |       |    17 |   179 ||   196
Invok: Call Merchant     |       |       |       |     3 ||     3
  Use: Scroll            |       |       |       |    21 ||    21
       Potion            |       |       |       |     3 ||     3
 Stab: Sleeping          |       |       |     2 |       ||     2
       Distracted        |       |       |       |     1 ||     1
Armor: Skin              |     5 |     1 |    21 |    20 ||    47
Dodge: Dodged            |    32 |    10 |   107 |   167 ||   316
